 Dungeon Crawl Stone Soup version 0.30-a0-1085-g990a428a5c (webtiles) character file.

Game seed: 2519341261737298250

106 mandoloar the Insei (level 4, -3/29 HPs)
             Began as an Octopode Transmuter on Apr 17, 2023.
             Slain by a kobold brigand
             ... wielding a +0 club
              (10 damage)
             ... in a sewer.
             The game lasted 00:07:43 (2714 turns).

mandoloar the Insei (Octopode Transmuter)           Turns: 2714, Time: 00:07:43

Health: -3/29      AC:  2    Str:  9    XL:     4   Next: 84%
Magic:  3/7        EV: 19    Int: 17    God:
Gold:   112        SH:  0    Dex: 17    Spells: 2/8 levels left

rFire   . . .      SeeInvis .      - Unarmed
rCold   . . .      Faith    .    (shield currently unavailable)
rNeg    . . .      Spirit   .    (helmet currently unavailable)
rPois   x          Reflect  .    (no amulet)
rElec   .          Rampage  .    (no ring)
rCorr   .                        (no ring)
Will    .....                    (no ring)
Stlth   ++                       (no ring)
HPRegen 0.24/turn                (no ring)
MPRegen 0.10/turn                (no ring)
                                 (no ring)
                                 (no ring)

@: spider-form (expiring)
A: venomous fangs, almost no armour, (amphibious), 8 rings, tiny, (camouflage
1), (gelatinous body 1), (nimble swimmer 1), (tentacles)
a: End Transformation


You were in a sewer.
You were a venomous arachnid creature.
You visited 1 branch of the dungeon, and saw 3 of its levels.
You also visited: Sewer.

You collected 112 gold pieces.

Inventory:

Missiles
 f - 3 poisoned darts
Scrolls
 c - 2 scrolls of amnesia {unknown}
 e - a scroll of teleportation
 h - a scroll of fog
 o - 2 scrolls of silence
Potions
 a - 3 potions of lignification
 b - 3 potions of ambrosia
 d - a potion of curing {unknown}
 i - 2 potions of berserk rage
 j - a potion of invisibility {unknown}
 k - a potion of brilliance {unknown}


   Skills:
 + Level 1.9 Fighting
 + Level 2.5 Dodging
 + Level 1.7 Stealth
 + Level 3.3 Unarmed Combat
 + Level 2.6 Spellcasting
 + Level 2.6 Transmutations
 + Level 1.4 Poison Magic


You had 2 spell levels left.
You knew the following spells:

 Your Spells              Type           Power      Damage    Failure   Level
a - Beastly Appendage     Tmut           22%        N/A       17%         1
b - Wereblood             Tmut           11%        N/A       24%         2
c - Spider Form           Tmut/Pois      9%         N/A       45%         3

Your spell library contained the following spells:

 Spells                   Type           Power      Damage    Failure   Level
 Blink                    Tloc           4%         N/A       50%         2
 Lesser Beckoning         Tloc           4%         N/A       50%         2
 Momentum Strike          Conj/Tloc      4%         3d8       50%         2
 Ice Form                 Ice/Tmut       6%         N/A       87%         4


Dungeon Overview and Level Annotations

Branches:
Dungeon (3/15)              Sewer (1/1)

Altars:

Shops:
D:1 *


Innate Abilities, Weirdness & Mutations

You are a venomous arachnid creature.
You have venomous fangs.
You are tiny and dextrous.
Your spellcasting is less reliable in this form.
Your armour is entirely melded.
You are incapable of wielding weapons or throwing items.
You cannot wear most types of armour.
((You are amphibious.))
You can wear up to eight rings at the same time.
((Your skin changes colour to match your surroundings (Stealth+).))
((Your rubbery body absorbs attacks. (AC +1, EV +1)))
((You are camouflaged when in or above water. (Stealth+)))
((You have tentacles for arms and can constrict up to eight enemies at once.))


Message History

Your primal bloodlust has ended.
A kobold brigand comes into view.
It is wielding a +0 club and quivering curare-tipped darts.
Casting: Wereblood (safe; 10% risk of failure)
Confirm with . or Enter, or press ? or * to list all spells.
You turn into a venomous arachnid creature.
The kobold brigand barely misses you.
You hit the kobold brigand but do no damage.
You hit the kobold brigand.
The kobold brigand is poisoned.
The kobold brigand is lightly wounded.
The kobold brigand hits you with a +0 club.
You hit the kobold brigand.
The kobold brigand looks as sick as possible!
The kobold brigand is moderately wounded.
Your transformation is almost over.
The kobold brigand hits you with a +0 club.
You hit the kobold brigand but do no damage.
The kobold brigand looks as sick as possible!
The kobold brigand is heavily wounded.
The kobold brigand hits you with a +0 club!
You hit the kobold brigand but do no damage.
The kobold brigand looks as sick as possible!
The kobold brigand is heavily wounded.
The kobold brigand hits you with a +0 club.
You completely miss the kobold brigand.
The kobold brigand is severely wounded.
The kobold brigand completely misses you.
You hit the kobold brigand but do no damage.
The kobold brigand looks as sick as possible!
The kobold brigand is severely wounded.
The kobold brigand misses you.
You hit the kobold brigand.
The kobold brigand looks as sick as possible!
The kobold brigand is severely wounded.
The kobold brigand hits you with a +0 club.
* * * LOW HITPOINT WARNING * * *
You hit the kobold brigand.
The kobold brigand looks as sick as possible!
The kobold brigand is almost dead.
The kobold brigand hits you with a +0 club!
You die...

###### #≈#≈≈#
##≈≈≈≈#
##≈≈≈≈≈#
#≈≈≈≈≈.# #
#≈≈....#~#..
##...∩∩..PPP#
#..Ks....P###
#..P#######
#PP. #.PP
#~.~ #..~
##.~ ##.


You could see a kobold brigand (extremely poisoned).

Vanquished Creatures
  3 river rats (D:3)
  An adder (D:2)
  A worm (D:3)
  3 dart slugs
  3 ball pythons
  6 endoplasms
  4 giant cockroaches
  5 goblins
  6 hobgoblins
  5 kobolds
  3 quokkas
  8 bats
  3 frilled lizards
  8 rats
59 creatures vanquished.

Notes
Turn   | Place    | Note
-------+----------+-------------------------------------------
     0 | D:1      | mandoloar the Octopode Transmuter began the quest for the
                  | Orb.
     0 | D:1      | Reached XP level 1. HP: 13/13 MP: 3/3
   151 | D:1      | Reached XP level 2. HP: 18/18 MP: 3/5
   521 | D:1      | Found Iruaptuu's General Store.
   602 | D:1      | Learned a level 2 spell: Wereblood
   907 | D:2      | Reached XP level 3. HP: 23/23 MP: 1/6
   911 | D:2      | Learned a level 3 spell: Spider Form
   915 | D:2      | Reached skill level 1 in Stealth
  1393 | D:2      | Reached skill level 1 in Poison Magic
  1719 | D:2      | Reached XP level 4. HP: 27/29 MP: 5/7
  2664 | D:3      | Found a glowing drain.
  2692 | Sewer    | Entered a sewer
  2702 | Sewer    | Noticed a kobold brigand
  2714 | Sewer    | Slain by a kobold brigand

Illustrated notes

Levels and vault maps discovered:
D:1:      wander_arrival_fairy_ring, layout_basic, serial_shops, shop,
          minmay_pentomino_r2
D:2:      layout_rooms
D:3:      layout_basic, gup_sewer_entry_bubbles, kennysheep_generic_room_7
Sewer:    sewer_co_scattered_pipes

Skill      XL: |  1  2  3 |
---------------+----------+-----
Stealth        | 1 |  1.7
Poison Magic   | 1 |  1.4
Fighting       | |  1.9
Dodging        | |  2.5
Unarmed Combat | |  3.3
Spellcasting   | |  2.6
Transmutations | |  2.6

Action                     |  1- 3 |  4- 6 || total
---------------------------+-------+-------++-------
  Melee: Unarmed           |    82 |    64 ||   146
         Kick              |    22 |    12 ||    34
         Constrict         |    22 |     8 ||    30
         Tentacles         |    11 |     3 ||    14
         Punch             |     2 |       ||     2
  Throw: Dart              |     4 |       ||     4
   Cast: Beastly Appendage |    31 |     7 ||    38
         Wereblood         |     8 |     3 ||    11
         Spider Form       |     1 |     4 ||     5
    Use: Scroll            |       |     9 ||     9
   Stab: Sleeping          |     3 |       ||     3
 Armour: Skin              |     9 |     2 ||    11
  Dodge: Dodged            |    67 |    47 ||   114

Table legend: (Time is in decaauts)
 A = Elapsed time spent in this place.
 B = Non-inter-level travel time spent in this place.
 C = Inter-level travel time spent in this place.
 D = Time resting spent in this place.
 E = Time spent auto-exploring this place.
 F = Levels seen in this place.
 G = Mean time per level.
                   A        B        C        D        E       F      G
               +--------+--------+--------+--------+--------+-----+--------+
         Total |   2708 |   2561 |    147 |    421 |   1549 |   4 |  677.0 |
       Dungeon |   2687 |   2540 |    147 |    412 |   1549 |   3 |  895.7 |
         Sewer |     21 |     21 |      0 |      9 |      0 |   1 |   21.0 |
               +--------+--------+--------+--------+--------+-----+--------+

Top non-repeatable levels by time:
     D:2: 1280 daAuts
     D:1: 766 daAuts
     D:3: 639 daAuts
   Sewer: 21 daAuts
